 Dungeon Crawl Stone Soup version 0.24.0-37-gcf1ca852f1 (webtiles) character file.

Game seed: 14241030485319931741, levelgen mode: deterministic

19 H0rd4k the Magician (level 2, -2/15 HPs)
             Began as a Deep Elf Wizard on Nov 26, 2019.
             Slain by a gnoll
             ... wielding a +0 halberd
              (4 damage)
             ... on level 3 of the Dungeon.
             The game lasted 00:01:45 (962 turns).

H0rd4k the Magician (Deep Elf Wizard)                Turns: 962, Time: 00:01:46

Health: -2/15      AC:  2    Str:  4    XL:     2   Next: 55%
Magic:  3/10       EV: 13    Int: 22    God:
Gold:   45         SH:  0    Dex: 13    Spells: 10/11 levels left

rFire    . . .     SeeInvis .   (no weapon)
rCold    . . .     Gourm    .   (no shield)
rNeg     . . .     Faith    .   a - +0 robe
rPois    .         Spirit   .   b - +0 hat
rElec    .         Reflect  .   (no cloak)
rCorr    .         Harm     .   (no gloves)
MR       .....                  (no boots)
Stlth    ++........             (no amulet)
HPRegen  0.05/turn              (no ring)
MPRegen  0.12/turn              (no ring)

@: very slightly contaminated
A: no striking features
a: no special abilities


You were on level 3 of the Dungeon.
You were not hungry.

You visited 1 branch of the dungeon, and saw 3 of its levels.

You collected 45 gold pieces.

Inventory:

Armour
 a - a +0 robe (worn)
 b - a +0 hat (worn)
Scrolls
 e - a scroll of amnesia {unknown}
 g - a scroll of identify {unknown}
Potions
 c - a potion of lignification {unknown}
 f - a potion of haste {unknown}
 h - a potion of agility {unknown}
 i - a potion of curing {unknown}
Comestibles
 d - 4 rations


   Skills:
 + Level 2.8 Dodging
 + Level 2.5 Stealth
 + Level 5.2 Spellcasting
 + Level 1.3 Conjurations
   Level 1.1 Summonings
   Level 1.1 Translocations


You had 10 spell levels left.
You knew the following spells:

 Your Spells              Type           Power        Failure   Level  Hunger
a - Magic Dart            Conj           ##..         6%          1    None

Your spell library contained the following spells:

 Spells                   Type           Power        Failure   Level  Hunger
 Blink                    Tloc           N/A          10%         2    None
 Call Imp                 Summ           ##......     10%         2    None
 Slow                     Hex            #.......     16%         2    None
 Conjure Flame            Conj/Fire      #.......     22%         3    ##.....
 Mephitic Cloud           Conj/Pois/Air  #.......     24%         3    ##.....


Dungeon Overview and Level Annotations

Branches:
Dungeon (3/15)

Altars:
Ru

Annotations:
D:1 exclusion: downstairs
D:2 Robin


Message History

The gnoll hits you from afar with a +0 halberd!
Ouch! That really hurt!
* * * LOW HITPOINT WARNING * * *
Casting: Magic Dart (safe; 6% risk of failure)
Confirm with . or Enter, or press ? or * to list all spells.
Aiming: Magic Dart (safe; 6% risk of failure)
Press: ? - help, Shift-Dir - straight line, f/p - gnoll
Aim: a gnoll, wielding a +0 halberd (almost dead)
You miscast Magic Dart.
You are very lightly contaminated with residual magic.
Your skin tingles.
The gnoll misses you.
Casting: Magic Dart (safe; 6% risk of failure)
Confirm with . or Enter, or press ? or * to list all spells.
Aiming: Magic Dart (safe; 6% risk of failure)
Press: ? - help, Shift-Dir - straight line, f/p - gnoll
Aim: a gnoll, wielding a +0 halberd (almost dead)
The magic dart hits the gnoll but does no damage.
The gnoll is almost dead.
The gnoll hits you from afar with a +0 halberd.
You die...

............####
...........?...
.#............###
................
#............#
##.........g..# .
≈≈....8..8....###....
≈≈≈≈≈#8..8...@.........
≈≈≈≈≈≈≈..≈####.####...#
≈≈≈≈≈≈≈..≈≈≈##... ... ..
≈≈≈≈≈≈≈..≈≈≈≈≈≈####.. ###≈≈
###≈≈≈≈..≈≈≈≈≈≈≈≈≈≈####≈≈≈≈≈
####≈..≈≈≈≈≈≈≈≈≈≈≈≈≈≈≈≈≈≈≈
#8..8≈≈≈≈≈≈≈≈≈≈≈≈≈≈≈≈≈≈
#8..8###≈≈≈≈≈≈≈≈≈≈≈≈≈≈≈
#....# #####≈≈≈≈≈≈≈≈###


You could see a gnoll.

Vanquished Creatures
  A worm (D:1)
  A dart slug (D:1)
  A leopard gecko (D:1)
  4 bats (D:1)
  2 goblins (D:1)
  A hobgoblin (D:1)
  A quokka (D:2)
  2 rats
13 creatures vanquished.

Notes
Turn   | Place    | Note
-------+----------+-------------------------------------------
     0 | D:1      | H0rd4k the Deep Elf Wizard began the quest for the Orb.
     0 | D:1      | Reached XP level 1. HP: 10/10 MP: 7/7
   321 | D:1      | Reached XP level 2. HP: 15/15 MP: 6/9
   397 | D:1      | Reached skill level 5 in Spellcasting
   721 | D:2      | Noticed Robin
   819 | D:2      | Found a sacrificial altar of Ru.
   834 | D:3      | Noticed an ogre
   962 | D:3      | Slain by a gnoll

Levels and vault maps discovered:
D:1:      lightli_arrival_statuegarden, layout_basic
D:2:      layout_basic, nicolae_ru_great_annihilating_truth, first_ration,
          uniq_robin
D:3:      wander_river, layout_basic, minmay_pentomino_pile

Skill      XL: |  1  2 |
---------------+-------+-----
Spellcasting   | 5 |  5.2
Dodging        | |  2.8
Stealth        | |  2.5
Conjurations   | |  1.3
Summonings     | |  1.1
Translocations | |  1.1

Action                   || total
-------------------------++-------
 Cast: Magic Dart        ||    65
Armor: Robe              ||     2
Dodge: Dodged            ||    10
